Calgary Flames vs Winnipeg Jets
(R1)
Created - Sunday, March 26, 2023 at 07:13
Goals
|
| Calgary Flames |
1 |
1 |
0 |
2 |
| Winnipeg Jets |
1 |
0 |
0 |
1 |
|
Shots
|
| Calgary Flames |
11 |
19 |
4 |
34 |
| Winnipeg Jets |
16 |
4 |
8 |
28 |
|
1st period
1. Calgary Flames , Sebastian Aho 5 (Ryan Ellis 5, Timo Meier 4) at 2:16
2. Winnipeg Jets , Tyler Toffoli 3 (Dylan Larkin 6, Jonathan Marchessault 5) at 13:40
Penalties :
No Penalty
2nd period
3. Calgary Flames , Sebastian Aho 6 (Timo Meier 5, Zach Hyman 10) at 3:45
Penalties :
Jacob Trouba (WPG) for Diving (Minor) at 6:22, Jacob Trouba (WPG) for Holding (Minor) at 12:05, Kevin Shattenkirk (WPG) for Hooking (Minor) at 15:43
3rd period
No Goal
Penalties :
Jacob Trouba (WPG) for Holding (Minor) at 8:07, Tyler Toffoli (WPG) for Roughing (Double Minor) at 10:46, Dylan Larkin (WPG) for Hooking (Minor) at 15:20, Seth Jones (WPG) for Hooking (Minor) at 18:44
Goalie Stats
Thatcher Demko (CGY), 27 saves from 28 shots - (0.964), W, 7-2-1, 60:00 minutes
Connor Hellebuyck (WPG), 32 saves from 34 shots - (0.941), L, 5-5-1, 60:00 minutes
Players Stats for Calgary Flames
Player Name G A P +/- PIM S H SB GA TA FO MP PP MP PK MP
------------------------------------------------------------------------------------
Drew Doughty 0 0 0 0 0 0 2 3 0 0 0/0 24:35 7:22 0:00
Garnet Hathaway 0 0 0 0 0 2 0 0 0 0 0/0 7:24 0:01 0:00
J.T. Miller 0 0 0 -1 0 4 2 1 0 0 13/26 21:22 7:40 0:00
Jeff Petry 0 0 0 0 0 1 3 1 0 0 0/0 24:35 7:22 0:00
Joel Eriksson Ek 0 0 0 0 0 2 1 0 0 1 3/5 17:58 7:28 0:00
Kevin Fiala 0 0 0 -1 0 2 0 1 2 2 0/2 21:18 7:36 0:00
Kris Russell 0 0 0 1 0 0 0 1 0 1 0/0 14:18 0:00 0:00
Logan Couture 0 0 0 0 0 2 2 0 0 0 3/6 10:30 0:00 0:00
Mathieu Joseph 0 0 0 0 0 0 0 1 0 0 0/1 7:54 0:05 0:00
Max Pacioretty 0 0 0 0 0 0 1 0 1 0 0/0 11:20 0:15 0:00
Nic Dowd 0 0 0 0 0 0 2 0 1 0 4/6 7:04 0:00 0:00
Ryan Ellis 0 1 1 0 0 3 1 0 0 1 0/0 21:07 7:47 0:00
Ryan McDonagh 0 0 0 1 0 0 0 0 0 0 0/0 14:18 0:00 0:00
Sebastian Aho 2 0 2 2 0 7 1 0 1 1 7/14 13:16 0:00 0:00
Timo Meier 0 2 2 2 0 5 5 0 0 0 0/0 19:58 7:28 0:00
Travis Sanheim 0 0 0 0 0 1 1 0 0 1 0/0 21:07 7:47 0:00
Valeri Nichushkin 0 0 0 -1 0 0 0 0 1 0 0/1 21:38 7:36 0:00
Zach Hyman 0 1 1 2 0 5 0 1 0 0 1/4 20:18 7:18 0:00
Players Stats for Winnipeg Jets
Player Name G A P +/- PIM S H SB GA TA FO MP PP MP PK MP
------------------------------------------------------------------------------------
Aaron Ekblad 0 0 0 1 0 3 1 2 0 2 0/0 24:39 0:00 8:23
Andrew Cogliano 0 0 0 -1 0 0 1 2 0 1 1/2 17:57 0:00 8:16
Andrew Copp 0 0 0 -1 0 1 4 0 1 0 0/2 14:23 0:00 4:47
Brandon Montour 0 0 0 -1 0 3 5 1 2 1 0/0 25:20 0:00 6:27
Connor McDavid 0 0 0 -1 0 2 0 0 1 0 11/19 16:10 0:00 0:00
Dylan Larkin 0 1 1 1 2 1 1 0 0 0 7/15 12:44 0:00 0:00
Eeli Tolvanen 0 0 0 0 0 0 0 0 0 0 0/0 6:11 0:00 0:00
Jacob Trouba 0 0 0 0 6 1 1 2 0 1 0/0 17:43 0:00 3:34
John Klingberg 0 0 0 -1 0 0 1 0 0 0 0/0 9:21 0:00 1:43
Jonathan Marchessault 0 1 1 1 0 3 5 1 0 0 0/0 14:43 0:00 1:48
Kevin Shattenkirk 0 0 0 -1 2 1 0 0 1 0 0/0 16:52 0:00 7:04
Kyle Palmieri 0 0 0 0 0 1 1 0 0 0 0/0 6:03 0:00 0:00
Mark Stone 0 0 0 -1 0 1 1 0 0 0 2/3 18:29 0:00 2:14
Nick Suzuki 0 0 0 -1 0 3 1 1 1 0 2/3 14:51 0:00 5:03
Pius Suter 0 0 0 0 0 0 1 0 0 0 10/17 14:34 0:00 8:10
Ryan Nugent-Hopkins 0 0 0 -1 0 5 0 1 1 0 1/4 16:10 0:00 0:00
Seth Jones 0 0 0 0 2 2 2 1 0 1 0/0 26:04 0:00 3:07
Tyler Toffoli 1 0 1 1 4 1 1 1 0 0 0/0 12:30 0:00 0:00
3 Stars
1 - Sebastian Aho (CGY)
2 - Timo Meier (CGY)
3 - Thatcher Demko (CGY)
Power Play
Calgary Flames - 0 on 8 Attempt(s) - 0.00%
Winnipeg Jets - 0 on 0 Attempt(s) - 0.00%
Penalty Kill
Calgary Flames - 0 on 0 Attempt(s) - 0.00%
- Score 0 goal in Penalty Kill
Winnipeg Jets - 8 on 8 Attempt(s) - 100.00%
- Score 0 goal in Penalty Kill
Team Stat
Calgary Flames - Hits : 21 - Faceoff Wins : 31 - Blocked Shots : 9 - Penalty Minutes : 0
Winnipeg Jets - Hits : 26 - Faceoff Wins : 34 - Blocked Shots : 12 - Penalty Minutes : 16
Official
Referees : Kelly Sutherland and Jon Mclsaac
Linesman : Steve Barton and Brad Kovachik
Game Notes
No Game Note
Finance
Level 1 -- Attendance: 5791 (96.52%) -- Ticket Income $532,772
Level 2 -- Attendance: 4847 (96.94%) -- Ticket Income $266,585
Level 3 -- Attendance: 2719 (90.63%) -- Ticket Income $81,570
Level 4 -- Attendance: 4641 (92.82%) -- Ticket Income $102,102
Luxury Box -- Attendance: 933 (93.30%) -- Ticket Income $177,270
Game was played at the MTS Centre.
Total Attendance: 18931 (94.66%)
Total Ticket Income: $1,160,299
Other Income: $406,105
Total Income: $1,566,404
Calgary Flames
5 vs 5 Forward
Center Left Wing Right Wing Time % Phy DF OF
1 J.T. Miller Kevin Fiala Valeri Nichushkin 35 0 1 4
2 Sebastian Aho Zach Hyman Timo Meier 32 0 2 3
3 Logan Couture Max Pacioretty Joel Eriksson Ek 25 0 3 2
4 Nic Dowd Mathieu Joseph Garnet Hathaway 8 1 3 1
5 vs 5 Defense
Defense Defense Time % Phy DF OF
1 Drew Doughty Jeff Petry 30 0 3 2
2 Travis Sanheim Ryan Ellis 30 0 3 2
3 Ryan McDonagh Kris Russell 30 0 3 2
4 Drew Doughty Jeff Petry 10 0 3 2
PowerPlay Forward
Center Left Wing Right Wing Time % Phy DF OF
1 J.T. Miller Kevin Fiala Valeri Nichushkin 50 0 0 5
2 Joel Eriksson Ek Timo Meier Zach Hyman 50 0 0 5
PowerPlay Defense
Defense Defense Time % Phy DF OF
1 Drew Doughty Jeff Petry 50 0 2 3
2 Travis Sanheim Ryan Ellis 50 0 2 3
Penalty Kill 4 Players Forward
Center Wing Time % Phy DF OF
1 Logan Couture Zach Hyman 60 0 4 1
2 Sebastian Aho Mathieu Joseph 40 0 4 1
Penalty Kill 4 Players Defense
Defense Defense Time % Phy DF OF
1 Drew Doughty Jeff Petry 60 1 2 2
2 Travis Sanheim Ryan McDonagh 40 1 2 2
Penalty Kill - 3 Players Forward
Forward Time % Phy DF OF
1 Nic Dowd 60 0 5 0
2 Logan Couture 40 0 5 0
Penalty Kill - 3 Players Defense
Defense Defense Time % Phy DF OF
1 Drew Doughty Jeff Petry 60 1 2 2
2 Travis Sanheim Ryan McDonagh 40 1 2 2
4 vs 4 Forward
Center Wing Time % Phy DF OF
1 Joel Eriksson Ek Max Pacioretty 60 1 2 2
2 Logan Couture Timo Meier 40 1 2 2
4 vs 4 Defense
Defense Defense Time % Phy DF OF
1 Drew Doughty Jeff Petry 60 1 2 2
2 Travis Sanheim Ryan Ellis 40 1 2 2
Last Minutes Offensive
Center Left Wing Right Wing Defense Defense
J.T. Miller Sebastian Aho Zach Hyman Drew Doughty Jeff Petry
Last Minutes Defensive
Center Left Wing Right Wing Defense Defense
J.T. Miller Sebastian Aho Logan Couture Drew Doughty Ryan McDonagh
Goaltenders
Starting : Thatcher Demko
Backup : Sam Montembeault
Extra Forwards
Normal : Max Pacioretty, Mathieu Joseph, Timo Meier - PP : Max Pacioretty, Mathieu Joseph - PK : Nic Dowd
Extra Defensemen
Normal : Ryan McDonagh, Kris Russell, Travis Sanheim - PP : Ryan McDonagh - PK : Kris Russell, Travis Sanheim
Penalty Shots
J.T. Miller, Kevin Fiala, Valeri Nichushkin, Max Pacioretty, Joel Eriksson Ek
Winnipeg Jets
5 vs 5 Forward
Center Left Wing Right Wing Time % Phy DF OF
1 Connor McDavid Ryan Nugent-Hopkins Mark Stone 40 1 1 3
2 Dylan Larkin Jonathan Marchessault Tyler Toffoli 30 1 1 3
3 Nick Suzuki Andrew Cogliano Andrew Copp 20 1 2 2
4 Pius Suter Eeli Tolvanen Kyle Palmieri 10 1 2 2
5 vs 5 Defense
Defense Defense Time % Phy DF OF
1 Aaron Ekblad Seth Jones 40 1 2 2
2 Brandon Montour Jacob Trouba 30 1 2 2
3 Kevin Shattenkirk Seth Jones 20 1 2 2
4 John Klingberg Brandon Montour 10 1 2 2
PowerPlay Forward
Center Left Wing Right Wing Time % Phy DF OF
1 Connor McDavid Ryan Nugent-Hopkins Mark Stone 60 1 0 4
2 Dylan Larkin Jonathan Marchessault Tyler Toffoli 40 1 1 3
PowerPlay Defense
Defense Defense Time % Phy DF OF
1 Aaron Ekblad Brandon Montour 60 1 1 3
2 John Klingberg Seth Jones 40 1 2 2
Penalty Kill 4 Players Forward
Center Wing Time % Phy DF OF
1 Pius Suter Andrew Cogliano 60 1 3 1
2 Nick Suzuki Andrew Copp 40 1 3 1
Penalty Kill 4 Players Defense
Defense Defense Time % Phy DF OF
1 Aaron Ekblad Kevin Shattenkirk 60 1 3 1
2 Jacob Trouba Brandon Montour 40 1 3 1
Penalty Kill - 3 Players Forward
Forward Time % Phy DF OF
1 Pius Suter 60 1 2 2
2 Andrew Copp 40 1 2 2
Penalty Kill - 3 Players Defense
Defense Defense Time % Phy DF OF
1 Aaron Ekblad Kevin Shattenkirk 60 1 2 2
2 Jacob Trouba Seth Jones 40 1 2 2
4 vs 4 Forward
Center Wing Time % Phy DF OF
1 Nick Suzuki Mark Stone 60 1 2 2
2 Connor McDavid Jonathan Marchessault 40 1 2 2
4 vs 4 Defense
Defense Defense Time % Phy DF OF
1 John Klingberg Jacob Trouba 60 1 2 2
2 Kevin Shattenkirk Aaron Ekblad 40 1 2 2
Last Minutes Offensive
Center Left Wing Right Wing Defense Defense
Connor McDavid Ryan Nugent-Hopkins Tyler Toffoli Aaron Ekblad Brandon Montour
Last Minutes Defensive
Center Left Wing Right Wing Defense Defense
Pius Suter Andrew Cogliano Andrew Copp Kevin Shattenkirk Jacob Trouba
Goaltenders
Starting : Connor Hellebuyck
Backup : Jake Allen
Extra Forwards
Normal : Jonathan Marchessault, Eeli Tolvanen, Kyle Palmieri - PP : Jonathan Marchessault, Nick Suzuki - PK : Mark Stone
Extra Defensemen
Normal : John Klingberg, Brandon Montour, Seth Jones - PP : Jacob Trouba - PK : Seth Jones, John Klingberg
Penalty Shots
Connor McDavid, Ryan Nugent-Hopkins, Dylan Larkin, Nick Suzuki, Andrew Copp
% Time on Ice - Calgary Flames
Lines # - Real PCT - Wanted PCT - Time Play
Normal Forward
1 - 31% - 35% - 13:42
2 - 30% - 32% - 13:35
3 - 23% - 25% - 10:30
4 - 16% - 8% - 7:04
Normal Defense
1 - 31% - 30% - 14:02
2 - 30% - 30% - 13:20
3 - 32% - 30% - 14:18
4 - 7% - 10% - 3:11
PP Forward
1 - 51% - 50% - 7:40
2 - 49% - 50% - 7:29
PP Defense
1 - 49% - 50% - 7:22
2 - 51% - 50% - 7:47
PK Forward
1 - 0% - 60%
2 - 0% - 40%
PK Defense
1 - 0% - 60%
2 - 0% - 40%
PK3 Forward
1 - 0% - 60%
2 - 0% - 40%
PK3 Defense
1 - 0% - 60%
2 - 0% - 40%
44 Forward
1 - 0% - 60%
2 - 0% - 40%
44 Defense
1 - 0% - 60%
2 - 0% - 40%
Last Minute Offensive - 0:00
Last Minute Defensive - 0:00
Total
Forward - 60:00
Defense - 60:00
|
% Time on Ice - Winnipeg Jets
Lines # - Real PCT - Wanted PCT - Time Play
Normal Forward
1 - 37% - 40% - 16:41
2 - 28% - 30% - 12:40
3 - 21% - 20% - 9:27
4 - 13% - 10% - 6:03
Normal Defense
1 - 38% - 40% - 17:03
2 - 30% - 30% - 13:38
3 - 19% - 20% - 8:30
4 - 13% - 10% - 5:40
PP Forward
1 - 0% - 60%
2 - 0% - 40%
PP Defense
1 - 0% - 60%
2 - 0% - 40%
PK Forward
1 - 68% - 60% - 10:22
2 - 32% - 40% - 4:47
PK Defense
1 - 57% - 60% - 8:42
2 - 43% - 40% - 6:27
PK3 Forward
1 - 0% - 60%
2 - 0% - 40%
PK3 Defense
1 - 0% - 60%
2 - 0% - 40%
44 Forward
1 - 0% - 60%
2 - 0% - 40%
44 Defense
1 - 0% - 60%
2 - 0% - 40%
Last Minute Offensive - 0:00
Last Minute Defensive - 0:00
Total
Forward - 60:00
Defense - 60:00
|
Play-by-Play
1st period
0:01 of 1st period - J.T. Miller wins face-off versus Connor McDavid in neutral zone.
0:32 of 1st period - Wrist shot by Sebastian Aho.
0:32 of 1st period - Stopped by Connor Hellebuyck with a rebound.
0:48 of 1st period - Snap shot by Jonathan Marchessault.
0:48 of 1st period - Shot Misses the Net.
0:58 of 1st period - Backhand shot by Nick Suzuki.
0:58 of 1st period - Stopped by Thatcher Demko without a rebound.
0:59 of 1st period - Nic Dowd wins face-off versus Pius Suter in Calgary Flames zone.
1:06 of 1st period - Snap shot by Mathieu Joseph.
1:06 of 1st period - Shot Blocked by Jacob Trouba.
2:10 of 1st period - Snap shot by Timo Meier.
2:10 of 1st period - Stopped by Connor Hellebuyck with a rebound.
2:12 of 1st period - Snap shot by Sebastian Aho.
2:12 of 1st period - Stopped by Connor Hellebuyck with a rebound.
2:14 of 1st period - Slapshot by Ryan Ellis.
2:14 of 1st period - Stopped by Connor Hellebuyck with a rebound.
2:16 of 1st period - Wrist shot by Sebastian Aho.
2:16 of 1st period - Goal by Sebastian Aho - Calgary Flames : 1 - Winnipeg Jets : 0.
2:17 of 1st period - Sebastian Aho wins face-off versus Ryan Nugent-Hopkins in neutral zone.
2:20 of 1st period - Kevin Shattenkirk is hit by Sebastian Aho and loses puck.
2:43 of 1st period - Snap shot by Kyle Palmieri.
2:43 of 1st period - Stopped by Thatcher Demko without a rebound.
2:44 of 1st period - J.T. Miller wins face-off versus Pius Suter in Calgary Flames zone.
3:32 of 1st period - Icing by Brandon Montour.
3:33 of 1st period - Dylan Larkin wins face-off versus Nic Dowd in Winnipeg Jets zone.
3:44 of 1st period - Snap shot by Jonathan Marchessault.
3:44 of 1st period - Stopped by Thatcher Demko with a rebound.
3:46 of 1st period - Slapshot by Jacob Trouba.
3:46 of 1st period - Stopped by Thatcher Demko with a rebound.
3:48 of 1st period - Slapshot by Jacob Trouba.
3:48 of 1st period - Shot Misses the Net.
3:50 of 1st period - Slapshot by Brandon Montour.
3:50 of 1st period - Shot Blocked by Drew Doughty.
4:20 of 1st period - Sebastian Aho is hit by Andrew Copp and loses puck.
4:27 of 1st period - Wrist shot by Nick Suzuki.
4:27 of 1st period - Shot Misses the Net.
5:28 of 1st period - Ryan Nugent-Hopkins is hit by Logan Couture and loses puck.
5:53 of 1st period - Wrist shot by Nic Dowd.
5:53 of 1st period - Shot Blocked by Jacob Trouba.
5:55 of 1st period - Slapshot by Travis Sanheim.
5:55 of 1st period - Shot Blocked by Andrew Cogliano.
6:09 of 1st period - Wrist shot by J.T. Miller.
6:09 of 1st period - Stopped by Connor Hellebuyck with a rebound.
6:11 of 1st period - Snap shot by J.T. Miller.
6:11 of 1st period - Stopped by Connor Hellebuyck without a rebound.
6:12 of 1st period - Connor McDavid wins face-off versus J.T. Miller in Winnipeg Jets zone.
6:45 of 1st period - Jacob Trouba is hit by Jeff Petry and loses puck.
6:56 of 1st period - Wrist shot by Pius Suter.
6:56 of 1st period - Deflect By Drew Doughty.
6:56 of 1st period - Shot Misses the Net.
6:56 of 1st period - Puck is out of play.
6:57 of 1st period - Pius Suter wins face-off versus Sebastian Aho in Calgary Flames zone.
7:18 of 1st period - Wrist shot by Timo Meier.
7:18 of 1st period - Stopped by Connor Hellebuyck without a rebound.
7:19 of 1st period - Connor McDavid wins face-off versus J.T. Miller in Winnipeg Jets zone.
7:32 of 1st period - Wrist shot by Connor McDavid.
7:32 of 1st period - Shot Misses the Net.
7:34 of 1st period - Backhand shot by Aaron Ekblad.
7:34 of 1st period - Stopped by Thatcher Demko with a rebound.
7:36 of 1st period - Slapshot by Mark Stone.
7:36 of 1st period - Stopped by Thatcher Demko without a rebound.
7:37 of 1st period - Logan Couture wins face-off versus Dylan Larkin in Calgary Flames zone.
7:37 of 1st period - Logan Couture is hit by Jonathan Marchessault.
7:45 of 1st period - Max Pacioretty is hit by Dylan Larkin.
8:09 of 1st period - Wrist shot by Max Pacioretty.
8:09 of 1st period - Shot Misses the Net.
8:11 of 1st period - Slapshot by Joel Eriksson Ek.
8:11 of 1st period - Shot Misses the Net.
8:34 of 1st period - Wrist shot by Valeri Nichushkin.
8:34 of 1st period - Shot Misses the Net.
8:42 of 1st period - Snap shot by Ryan Nugent-Hopkins.
8:42 of 1st period - Stopped by Thatcher Demko without a rebound.
8:43 of 1st period - Dylan Larkin wins face-off versus Zach Hyman in Calgary Flames zone.
9:44 of 1st period - Icing by J.T. Miller.
9:45 of 1st period - J.T. Miller wins face-off versus Dylan Larkin in Calgary Flames zone.
9:45 of 1st period - J.T. Miller is hit by Brandon Montour.
10:52 of 1st period - Icing by Kris Russell.
10:53 of 1st period - Nic Dowd wins face-off versus Pius Suter in Calgary Flames zone.
11:18 of 1st period - Ryan McDonagh is hit by Tyler Toffoli and loses puck.
12:08 of 1st period - Snap shot by Kevin Fiala.
12:08 of 1st period - Shot Misses the Net.
12:10 of 1st period - Slapshot by Ryan Ellis.
12:10 of 1st period - Shot Misses the Net.
12:12 of 1st period - Snap shot by J.T. Miller.
12:12 of 1st period - Shot Blocked by Brandon Montour.
12:47 of 1st period - Snap shot by Jonathan Marchessault.
12:47 of 1st period - Shot Misses the Net.
12:49 of 1st period - Slapshot by Dylan Larkin.
12:49 of 1st period - Shot Misses the Net.
12:51 of 1st period - Slapshot by Brandon Montour.
12:51 of 1st period - Shot Misses the Net.
12:53 of 1st period - Wrist shot by Brandon Montour.
12:53 of 1st period - Stopped by Thatcher Demko with a rebound.
13:03 of 1st period - Connor McDavid is hit by Max Pacioretty and loses puck.
13:12 of 1st period - Slapshot by Joel Eriksson Ek.
13:12 of 1st period - Shot Misses the Net.
13:14 of 1st period - Snap shot by Logan Couture.
13:14 of 1st period - Stopped by Connor Hellebuyck without a rebound.
13:15 of 1st period - Dylan Larkin wins face-off versus J.T. Miller in Winnipeg Jets zone.
13:20 of 1st period - Snap shot by Tyler Toffoli.
13:20 of 1st period - Shot Misses the Net.
13:22 of 1st period - Snap shot by Aaron Ekblad.
13:22 of 1st period - Deflect By J.T. Miller.
13:22 of 1st period - Stopped by Thatcher Demko with a rebound.
13:24 of 1st period - Slapshot by Seth Jones.
13:24 of 1st period - Stopped by Thatcher Demko without a rebound.
13:25 of 1st period - J.T. Miller wins face-off versus Dylan Larkin in Calgary Flames zone.
13:38 of 1st period - Backhand shot by Dylan Larkin.
13:38 of 1st period - Shot Misses the Net.
13:40 of 1st period - Slapshot by Tyler Toffoli.
13:40 of 1st period - Goal by Tyler Toffoli - Calgary Flames : 1 - Winnipeg Jets : 1.
13:41 of 1st period - Sebastian Aho wins face-off versus Mark Stone in neutral zone.
13:46 of 1st period - Wrist shot by Timo Meier.
13:46 of 1st period - Stopped by Connor Hellebuyck without a rebound.
13:47 of 1st period - Ryan Nugent-Hopkins wins face-off versus Zach Hyman in Winnipeg Jets zone.
13:47 of 1st period - Ryan Nugent-Hopkins is hit by Timo Meier.
14:49 of 1st period - Jacob Trouba is hit by Joel Eriksson Ek and loses puck.
15:08 of 1st period - Jacob Trouba is hit by Travis Sanheim and loses puck.
15:29 of 1st period - Snap shot by Mark Stone.
15:29 of 1st period - Shot Blocked by Mathieu Joseph.
15:31 of 1st period - Snap shot by Brandon Montour.
15:31 of 1st period - Stopped by Thatcher Demko without a rebound.
15:32 of 1st period - Dylan Larkin wins face-off versus Sebastian Aho in Calgary Flames zone.
16:07 of 1st period - Slapshot by Kevin Fiala.
16:07 of 1st period - Shot Blocked by Ryan Nugent-Hopkins.
16:32 of 1st period - Icing by Nick Suzuki.
16:33 of 1st period - Nick Suzuki wins face-off versus Sebastian Aho in Winnipeg Jets zone.
17:01 of 1st period - Wrist shot by Connor McDavid.
17:01 of 1st period - Shot Blocked by Drew Doughty.
17:29 of 1st period - Off-side.
17:30 of 1st period - Logan Couture wins face-off versus Dylan Larkin in neutral zone.
18:21 of 1st period - Snap shot by Joel Eriksson Ek.
18:21 of 1st period - Stopped by Connor Hellebuyck with a rebound.
18:45 of 1st period - Wrist shot by Dylan Larkin.
18:45 of 1st period - Stopped by Thatcher Demko with a rebound.
19:03 of 1st period - Wrist shot by Max Pacioretty.
19:03 of 1st period - Shot Blocked by Tyler Toffoli.
19:25 of 1st period - Snap shot by Jonathan Marchessault.
19:25 of 1st period - Shot Misses the Net.
19:27 of 1st period - Snap shot by Jonathan Marchessault.
19:27 of 1st period - Stopped by Thatcher Demko with a rebound.
19:29 of 1st period - Wrist shot by Dylan Larkin.
19:29 of 1st period - Deflect By Jonathan Marchessault.
19:29 of 1st period - Shot Misses the Net.
19:29 of 1st period - Puck is out of play.
19:30 of 1st period - Zach Hyman wins face-off versus Ryan Nugent-Hopkins in Calgary Flames zone.
19:36 of 1st period - Jeff Petry is hit by Mark Stone and loses puck.
19:43 of 1st period - Snap shot by Connor McDavid.
19:43 of 1st period - Stopped by Thatcher Demko without a rebound.
19:44 of 1st period - Connor McDavid wins face-off versus J.T. Miller in Calgary Flames zone.
19:47 of 1st period - Snap shot by Ryan Nugent-Hopkins.
19:47 of 1st period - Shot Misses the Net.
19:49 of 1st period - Snap shot by Aaron Ekblad.
19:49 of 1st period - Shot Blocked by Drew Doughty.
19:51 of 1st period - Snap shot by Ryan Nugent-Hopkins.
19:51 of 1st period - Stopped by Thatcher Demko without a rebound.
19:52 of 1st period - J.T. Miller wins face-off versus Connor McDavid in Calgary Flames zone.
Goals for this period are 1 for Calgary Flames vs 1 for Winnipeg Jets.
Shots for this period are 11 for Calgary Flames vs 16 for Winnipeg Jets.
2nd period
0:01 of 2nd period - Sebastian Aho wins face-off versus Connor McDavid in neutral zone.
0:06 of 2nd period - Wrist shot by Zach Hyman.
0:06 of 2nd period - Stopped by Connor Hellebuyck without a rebound.
0:07 of 2nd period - Mark Stone wins face-off versus Sebastian Aho in Winnipeg Jets zone.
0:12 of 2nd period - Jeff Petry is hit by Seth Jones and loses puck.
0:35 of 2nd period - Aaron Ekblad is hit by Jeff Petry and loses puck.
0:42 of 2nd period - Snap shot by Timo Meier.
0:42 of 2nd period - Shot Blocked by Aaron Ekblad.
0:44 of 2nd period - Wrist shot by Sebastian Aho.
0:44 of 2nd period - Deflect By Zach Hyman.
0:44 of 2nd period - Stopped by Connor Hellebuyck without a rebound.
0:45 of 2nd period - Nick Suzuki wins face-off versus J.T. Miller in Winnipeg Jets zone.
0:54 of 2nd period - Wrist shot by Nick Suzuki.
0:54 of 2nd period - Shot Misses the Net.
0:56 of 2nd period - Wrist shot by Andrew Cogliano.
0:56 of 2nd period - Shot Blocked by J.T. Miller.
0:58 of 2nd period - Snap shot by Andrew Cogliano.
0:58 of 2nd period - Deflect By Andrew Copp.
0:58 of 2nd period - Stopped by Thatcher Demko with a rebound.
1:00 of 2nd period - Snap shot by Jacob Trouba.
1:00 of 2nd period - Shot Blocked by Kris Russell.
1:12 of 2nd period - Garnet Hathaway is hit by Jacob Trouba and loses puck.
1:58 of 2nd period - Slapshot by Sebastian Aho.
1:58 of 2nd period - Shot Misses the Net.
2:00 of 2nd period - Snap shot by Sebastian Aho.
2:00 of 2nd period - Shot Misses the Net.
3:16 of 2nd period - Wrist shot by Sebastian Aho.
3:16 of 2nd period - Stopped by Connor Hellebuyck without a rebound.
3:17 of 2nd period - Mark Stone wins face-off versus Sebastian Aho in Winnipeg Jets zone.
3:17 of 2nd period - Mark Stone is hit by Timo Meier.
3:23 of 2nd period - Mark Stone is hit by Drew Doughty and loses puck.
3:45 of 2nd period - Wrist shot by Sebastian Aho.
3:45 of 2nd period - Goal by Sebastian Aho - Calgary Flames : 2 - Winnipeg Jets : 1.
3:46 of 2nd period - J.T. Miller wins face-off versus Connor McDavid in neutral zone.
4:17 of 2nd period - Wrist shot by Zach Hyman.
4:17 of 2nd period - Stopped by Connor Hellebuyck without a rebound.
4:18 of 2nd period - Sebastian Aho wins face-off versus Nick Suzuki in Winnipeg Jets zone.
4:25 of 2nd period - Wrist shot by Zach Hyman.
4:25 of 2nd period - Stopped by Connor Hellebuyck without a rebound.
4:26 of 2nd period - Connor McDavid wins face-off versus Sebastian Aho in Winnipeg Jets zone.
4:33 of 2nd period - Wrist shot by Mark Stone.
4:33 of 2nd period - Shot Misses the Net.
4:35 of 2nd period - Snap shot by Mark Stone.
4:35 of 2nd period - Shot Misses the Net.
4:37 of 2nd period - Snap shot by Ryan Nugent-Hopkins.
4:37 of 2nd period - Stopped by Thatcher Demko with a rebound.
4:55 of 2nd period - Slapshot by Jonathan Marchessault.
4:55 of 2nd period - Stopped by Thatcher Demko without a rebound.
4:56 of 2nd period - Dylan Larkin wins face-off versus Kevin Fiala in Calgary Flames zone.
5:23 of 2nd period - Jeff Petry is hit by Brandon Montour and loses puck.
6:09 of 2nd period - Icing by Drew Doughty.
6:10 of 2nd period - Nic Dowd wins face-off versus Ryan Nugent-Hopkins in Calgary Flames zone.
6:22 of 2nd period - Minor Penalty to Jacob Trouba for Diving.
6:23 of 2nd period - Pius Suter wins face-off versus J.T. Miller in Winnipeg Jets zone.
6:31 of 2nd period - Slapshot by Kevin Fiala.
6:31 of 2nd period - Stopped by Connor Hellebuyck with a rebound.
6:33 of 2nd period - Slapshot by Ryan Ellis.
6:33 of 2nd period - Stopped by Connor Hellebuyck without a rebound.
6:34 of 2nd period - Joel Eriksson Ek wins face-off versus Pius Suter in Winnipeg Jets zone.
6:37 of 2nd period - Wrist shot by Timo Meier.
6:37 of 2nd period - Shot Misses the Net.
6:39 of 2nd period - Slapshot by Ryan Ellis.
6:39 of 2nd period - Stopped by Connor Hellebuyck without a rebound.
6:40 of 2nd period - Joel Eriksson Ek wins face-off versus Pius Suter in Winnipeg Jets zone.
6:45 of 2nd period - Slapshot by Zach Hyman.
6:45 of 2nd period - Shot Misses the Net.
6:47 of 2nd period - Snap shot by Travis Sanheim.
6:47 of 2nd period - Shot Blocked by Andrew Cogliano.
7:01 of 2nd period - Andrew Cogliano is hit by Timo Meier.
7:07 of 2nd period - Wrist shot by Timo Meier.
7:07 of 2nd period - Stopped by Connor Hellebuyck with a rebound.
7:09 of 2nd period - Wrist shot by Zach Hyman.
7:09 of 2nd period - Deflect By Joel Eriksson Ek.
7:09 of 2nd period - Stopped by Connor Hellebuyck without a rebound.
7:10 of 2nd period - Pius Suter wins face-off versus J.T. Miller in Winnipeg Jets zone.
7:36 of 2nd period - Andrew Copp is hit by Drew Doughty and loses puck.
8:22 of 2nd period - Penalty to Jacob Trouba is over, Jacob Trouba is back on ice.
8:32 of 2nd period - Connor McDavid is hit by Nic Dowd and loses puck.
8:41 of 2nd period - Snap shot by Garnet Hathaway.
8:41 of 2nd period - Stopped by Connor Hellebuyck without a rebound.
8:42 of 2nd period - Logan Couture wins face-off versus Dylan Larkin in Winnipeg Jets zone.
10:07 of 2nd period - Joel Eriksson Ek is hit by Jonathan Marchessault and loses puck.
10:18 of 2nd period - Wrist shot by Dylan Larkin.
10:18 of 2nd period - Shot Misses the Net.
10:40 of 2nd period - Zach Hyman is hit by Andrew Copp and loses puck.
10:55 of 2nd period - Snap shot by Valeri Nichushkin.
10:55 of 2nd period - Shot Misses the Net.
10:57 of 2nd period - Snap shot by Kevin Fiala.
10:57 of 2nd period - Stopped by Connor Hellebuyck with a rebound.
10:59 of 2nd period - Backhand shot by Kevin Fiala.
10:59 of 2nd period - Shot Misses the Net.
11:01 of 2nd period - Snap shot by Valeri Nichushkin.
11:01 of 2nd period - Deflect By J.T. Miller.
11:01 of 2nd period - Stopped by Connor Hellebuyck without a rebound.
11:02 of 2nd period - J.T. Miller wins face-off versus Dylan Larkin in Winnipeg Jets zone.
11:36 of 2nd period - Snap shot by Nick Suzuki.
11:36 of 2nd period - Shot Misses the Net.
11:58 of 2nd period - Snap shot by Sebastian Aho.
11:58 of 2nd period - Stopped by Connor Hellebuyck with a rebound.
12:00 of 2nd period - Snap shot by Jeff Petry.
12:00 of 2nd period - Shot Misses the Net.
12:02 of 2nd period - Wrist shot by Timo Meier.
12:02 of 2nd period - Stopped by Connor Hellebuyck without a rebound.
12:03 of 2nd period - Dylan Larkin wins face-off versus Logan Couture in Winnipeg Jets zone.
12:05 of 2nd period - Minor Penalty to Jacob Trouba for Holding.
12:06 of 2nd period - Pius Suter wins face-off versus J.T. Miller in Winnipeg Jets zone.
12:06 of 2nd period - Pius Suter is hit by J.T. Miller.
12:54 of 2nd period - Icing by Valeri Nichushkin.
12:55 of 2nd period - J.T. Miller wins face-off versus Pius Suter in Calgary Flames zone.
13:14 of 2nd period - Snap shot by Zach Hyman.
13:14 of 2nd period - Shot Blocked by Nick Suzuki.
13:16 of 2nd period - Slapshot by Ryan Ellis.
13:16 of 2nd period - Shot Misses the Net.
13:28 of 2nd period - Andrew Copp is hit by Timo Meier.
14:05 of 2nd period - Penalty to Jacob Trouba is over, Jacob Trouba is back on ice.
14:25 of 2nd period - Wrist shot by Dylan Larkin.
14:25 of 2nd period - Shot Misses the Net.
14:59 of 2nd period - Off-side.
15:00 of 2nd period - Connor McDavid wins face-off versus Logan Couture in neutral zone.
15:09 of 2nd period - Wrist shot by Joel Eriksson Ek.
15:09 of 2nd period - Shot Misses the Net.
15:11 of 2nd period - Slapshot by Jeff Petry.
15:11 of 2nd period - Stopped by Connor Hellebuyck with a rebound.
15:13 of 2nd period - Wrist shot by Logan Couture.
15:13 of 2nd period - Stopped by Connor Hellebuyck with a rebound.
15:15 of 2nd period - Slapshot by Drew Doughty.
15:15 of 2nd period - Shot Misses the Net.
15:43 of 2nd period - Minor Penalty to Kevin Shattenkirk for Hooking.
15:44 of 2nd period - Pius Suter wins face-off versus Valeri Nichushkin in Winnipeg Jets zone.
15:44 of 2nd period - Pius Suter is hit by J.T. Miller.
15:52 of 2nd period - Ryan Ellis is hit by Pius Suter.
16:40 of 2nd period - Andrew Copp is hit by Jeff Petry and loses puck.
17:43 of 2nd period - Penalty to Kevin Shattenkirk is over, Kevin Shattenkirk is back on ice.
17:44 of 2nd period - Jeff Petry is hit by Brandon Montour and loses puck.
18:01 of 2nd period - Ryan McDonagh is hit by Jonathan Marchessault.
18:04 of 2nd period - Off-side.
18:05 of 2nd period - Nic Dowd wins face-off versus Connor McDavid in neutral zone.
18:36 of 2nd period - Snap shot by Dylan Larkin.
18:36 of 2nd period - Shot Misses the Net.
18:38 of 2nd period - Snap shot by Seth Jones.
18:38 of 2nd period - Deflect By Logan Couture.
18:38 of 2nd period - Stopped by Thatcher Demko without a rebound.
18:39 of 2nd period - J.T. Miller wins face-off versus Andrew Copp in Calgary Flames zone.
19:10 of 2nd period - Snap shot by Sebastian Aho.
19:10 of 2nd period - Stopped by Connor Hellebuyck without a rebound.
19:11 of 2nd period - Sebastian Aho wins face-off versus Connor McDavid in Winnipeg Jets zone.
19:51 of 2nd period - Off-side.
19:52 of 2nd period - J.T. Miller wins face-off versus Dylan Larkin in neutral zone.
19:59 of 2nd period - Slapshot by Valeri Nichushkin.
19:59 of 2nd period - Shot Blocked by Jonathan Marchessault.
Goals for this period are 1 for Calgary Flames vs 0 for Winnipeg Jets.
Shots for this period are 19 for Calgary Flames vs 4 for Winnipeg Jets.
3rd period
0:01 of 3rd period - Connor McDavid wins face-off versus J.T. Miller in neutral zone.
0:04 of 3rd period - Snap shot by Ryan Nugent-Hopkins.
0:04 of 3rd period - Stopped by Thatcher Demko without a rebound.
0:05 of 3rd period - Connor McDavid wins face-off versus J.T. Miller in Calgary Flames zone.
2:40 of 3rd period - Valeri Nichushkin is hit by Andrew Cogliano and loses puck.
2:53 of 3rd period - Slapshot by Nick Suzuki.
2:53 of 3rd period - Deflect By J.T. Miller.
2:53 of 3rd period - Stopped by Thatcher Demko without a rebound.
2:54 of 3rd period - Connor McDavid wins face-off versus Sebastian Aho in Calgary Flames zone.
3:05 of 3rd period - Snap shot by Mark Stone.
3:05 of 3rd period - Shot Blocked by Zach Hyman.
3:07 of 3rd period - Slapshot by Brandon Montour.
3:07 of 3rd period - Stopped by Thatcher Demko without a rebound.
3:08 of 3rd period - Sebastian Aho wins face-off versus Connor McDavid in Calgary Flames zone.
3:37 of 3rd period - Kris Russell is hit by Brandon Montour and loses puck.
4:32 of 3rd period - Jonathan Marchessault is hit by Logan Couture and loses puck.
5:39 of 3rd period - Logan Couture is hit by Kyle Palmieri and loses puck.
5:57 of 3rd period - Icing by Jonathan Marchessault.
5:58 of 3rd period - Connor McDavid wins face-off versus Nic Dowd in Winnipeg Jets zone.
6:59 of 3rd period - Aaron Ekblad is hit by Nic Dowd and loses puck.
7:11 of 3rd period - Icing by Seth Jones.
7:12 of 3rd period - Pius Suter wins face-off versus Zach Hyman in Winnipeg Jets zone.
7:29 of 3rd period - Wrist shot by Sebastian Aho.
7:29 of 3rd period - Shot Misses the Net.
7:41 of 3rd period - Max Pacioretty is hit by Aaron Ekblad and loses puck.
7:50 of 3rd period - Snap shot by Ryan Nugent-Hopkins.
7:50 of 3rd period - Stopped by Thatcher Demko with a rebound.
7:52 of 3rd period - Slapshot by Connor McDavid.
7:52 of 3rd period - Stopped by Thatcher Demko with a rebound.
8:07 of 3rd period - Minor Penalty to Jacob Trouba for Holding.
8:08 of 3rd period - Pius Suter wins face-off versus Joel Eriksson Ek in Winnipeg Jets zone.
8:08 of 3rd period - Pius Suter is hit by Timo Meier.
8:35 of 3rd period - Drew Doughty is hit by John Klingberg and loses puck.
8:42 of 3rd period - Wrist shot by Andrew Copp.
8:42 of 3rd period - Shot Blocked by Jeff Petry.
9:26 of 3rd period - Kevin Fiala is hit by Andrew Copp and loses puck.
9:59 of 3rd period - Jeff Petry is hit by Brandon Montour and loses puck.
10:07 of 3rd period - Penalty to Jacob Trouba is over, Jacob Trouba is back on ice.
10:18 of 3rd period - Snap shot by Nick Suzuki.
10:18 of 3rd period - Stopped by Thatcher Demko without a rebound.
10:19 of 3rd period - Connor McDavid wins face-off versus Mathieu Joseph in Calgary Flames zone.
10:35 of 3rd period - Off-side.
10:36 of 3rd period - J.T. Miller wins face-off versus Dylan Larkin in neutral zone.
10:43 of 3rd period - Slapshot by J.T. Miller.
10:43 of 3rd period - Stopped by Connor Hellebuyck without a rebound.
10:44 of 3rd period - Dylan Larkin wins face-off versus J.T. Miller in Winnipeg Jets zone.
10:46 of 3rd period - Double Minor Penalty to Tyler Toffoli for Roughing.
10:47 of 3rd period - J.T. Miller wins face-off versus Andrew Cogliano in Winnipeg Jets zone.
11:21 of 3rd period - Snap shot by Timo Meier.
11:21 of 3rd period - Shot Blocked by Aaron Ekblad.
11:23 of 3rd period - Slapshot by Travis Sanheim.
11:23 of 3rd period - Stopped by Connor Hellebuyck without a rebound.
11:24 of 3rd period - Joel Eriksson Ek wins face-off versus Andrew Copp in Winnipeg Jets zone.
12:04 of 3rd period - Snap shot by Nick Suzuki.
12:04 of 3rd period - Shot Blocked by Kevin Fiala.
12:15 of 3rd period - Off-side.
12:16 of 3rd period - Andrew Cogliano wins face-off versus Joel Eriksson Ek in neutral zone.
12:24 of 3rd period - Snap shot by Aaron Ekblad.
12:24 of 3rd period - Stopped by Thatcher Demko with a rebound.
12:26 of 3rd period - Slapshot by Andrew Cogliano.
12:26 of 3rd period - Shot Misses the Net.
12:28 of 3rd period - Slapshot by Kevin Shattenkirk.
12:28 of 3rd period - Stopped by Thatcher Demko without a rebound.
12:29 of 3rd period - Pius Suter wins face-off versus J.T. Miller in Calgary Flames zone.
12:30 of 3rd period - Snap shot by Andrew Cogliano.
12:30 of 3rd period - Deflect By Pius Suter.
12:30 of 3rd period - Shot Misses the Net.
12:30 of 3rd period - Puck is out of play.
12:31 of 3rd period - J.T. Miller wins face-off versus Pius Suter in Calgary Flames zone.
13:00 of 3rd period - Timo Meier is hit by Nick Suzuki and loses puck.
13:43 of 3rd period - Joel Eriksson Ek is hit by Andrew Copp and loses puck.
14:12 of 3rd period - Drew Doughty is hit by Jonathan Marchessault and loses puck.
14:46 of 3rd period - Penalty to Tyler Toffoli is over, Tyler Toffoli is back on ice.
14:56 of 3rd period - Connor McDavid is hit by Ryan Ellis and loses puck.
15:11 of 3rd period - Ryan McDonagh is hit by Jonathan Marchessault and loses puck.
15:20 of 3rd period - Minor Penalty to Dylan Larkin for Hooking.
15:21 of 3rd period - Pius Suter wins face-off versus J.T. Miller in Winnipeg Jets zone.
17:20 of 3rd period - Penalty to Dylan Larkin is over, Dylan Larkin is back on ice.
17:36 of 3rd period - Icing by Kevin Shattenkirk.
17:37 of 3rd period - Sebastian Aho wins face-off versus Connor McDavid in Winnipeg Jets zone.
17:38 of 3rd period - Wrist shot by Zach Hyman.
17:38 of 3rd period - Stopped by Connor Hellebuyck with a rebound.
17:46 of 3rd period - Ryan McDonagh is hit by Seth Jones and loses puck.
18:02 of 3rd period - Wrist shot by Nic Dowd.
18:02 of 3rd period - Shot Misses the Net.
18:04 of 3rd period - Slapshot by Kris Russell.
18:04 of 3rd period - Shot Blocked by Seth Jones.
18:06 of 3rd period - Wrist shot by Garnet Hathaway.
18:06 of 3rd period - Stopped by Connor Hellebuyck without a rebound.
18:07 of 3rd period - Connor McDavid wins face-off versus Logan Couture in Winnipeg Jets zone.
18:44 of 3rd period - Minor Penalty to Seth Jones for Hooking.
18:45 of 3rd period - Pius Suter wins face-off versus Kevin Fiala in Winnipeg Jets zone.
Goals for this period are 0 for Calgary Flames vs 0 for Winnipeg Jets.
Shots for this period are 4 for Calgary Flames vs 8 for Winnipeg Jets.
Back to the Top